Map: Catalyst LE

Players

eonblu - Winner!

  • Race: Zerg Zerg
  • Spawn Location: 5:00

Hellraiser

  • Race: Protoss Protoss
  • Spawn Location: 11:00

Event: IEM Season 12 - Katowice

VOD

Have the link to the VOD?

Description

Time

  • Played on: Feb. 27, 2018, 5:07 a.m.
  • Length: 6:26

All games in this series

Show
View Real Time Build Order
Export as new Build Order

eonblu Zerg - Winner!

Build Orders: Pool First 

Get SALT Encoding   

  12  0:00  Drone  
  13  0:12  Overlord  
  13  0:18  Drone  
  14  0:30  Drone x2  
  14  0:35  Drone  
  17  0:41  Extractor  
  16  0:46  Drone  
  17  0:50  Spawning Pool  
  17  0:55  Drone  
  17  1:18  Hatchery  
  16  1:22  Drone  
  17  1:37  Zergling x4  
  19  1:41  Metabolic Boost  
  19  1:48  Queen  
  21  2:02  Drone  
  21  2:06  Roach Warren  
  21  2:10  Drone  
  22  2:15  Overlord  
  22  2:23  Overlord  
  22  2:46  Roach x4  
  22  2:51  Roach  
  32  2:55  Roach  
  33  3:00  Roach  
  35  3:07  Zergling x4  
  37  3:14  Zergling x4  
  39  3:21  Zergling x4  
  38  3:27  Zergling x2  
  38  3:31  Zergling x2  
  39  3:34  Zergling x2  
  39  3:35  Zergling x2  
  39  3:39  Zergling x2  
  42  3:45  Zergling x2  
  43  3:49  Overlord  
  41  3:59  Zergling x4  
  40  4:05  Zergling x4  
  38  4:13  Zergling x4  
  38  4:14  Zergling x2  
  40  4:18  Drone  
  34  4:25  Drone x2  
  34  4:28  Drone  
  35  4:37  Drone x2  
  33  4:49  Drone x2  
  31  4:56  Drone  
  31  4:58  Drone  
  31  5:07  Drone  
  31  5:09  Queen  
  31  5:12  Drone x3  
  33  5:22  Hatchery  
  33  5:27  Overlord  
  32  5:31  Queen  
  34  5:45  Queen  
  34  5:49  Drone x4  
  40  5:50  Drone  
  40  5:51  Drone  
  40  5:53  Extractor  
  41  5:58  Overlord  
  41  6:26  Hatchery  
Show
View Real Time Build Order
Export as new Build Order

Hellraiser Protoss 

Build Orders: 1 Gate Expand 

Get SALT Encoding   

  12  0:00  Probe  
  13  0:13  Probe  
  14  0:20  Pylon  
  14  0:25  Probe  
  15  0:38  Probe (Chrono Boost)  
  15  0:40  Gateway  
  16  0:48  Probe (Chrono Boost)  
  16  0:49  Assimilator  
  17  0:53  Probe (Chrono Boost)  
  18  1:05  Probe  
  18  1:24  Nexus  
  18  1:34  Cybernetics Core  
  18  1:37  Probe  
  19  1:43  Assimilator  
  19  1:49  Probe  
  19  1:52  Pylon  
  20  2:01  Probe  
  21  2:10  Adept (Chrono Boost)  
  21  2:13  Probe  
  24  2:25  Probe  
  24  2:27  Adept (Chrono Boost)  
  27  2:33  Stargate  
  27  2:43  Warp Gate  
  28  2:44  Probe  
  28  2:47  Adept  
  28  2:49  Probe  
  31  3:00  Pylon  
  31  3:07  Pylon  
  31  3:15  Void Ray (Chrono Boost)  
  33  3:28  Shield Battery  
  33  3:31  Shield Battery  
  31  3:37  Shield Battery  
  31  3:44  Pylon  
  31  4:00  Void Ray (Chrono Boost)  
  31  4:10  Probe  
  31  4:16  Probe  
  14  4:59  Sentry  
  14  5:11  Probe  
  15  5:24  Probe (Chrono Boost)  
  16  5:35  Probe (Chrono Boost)  
  17  5:43  Probe  
  18  5:55  Probe (Chrono Boost)  
  19  6:01  Probe (Chrono Boost)  
  20  6:07  Probe (Chrono Boost)  
  20  6:09  Probe (Chrono Boost)  

Tags
 
Add a new tag
Caveats
  • Supply blocks, unpowered buildings, or Contaminate may cause inaccurate times.
  • Supply counts are checked every 10 seconds.